 Dungeon Crawl Stone Soup version 0.15-a0-462-gf669498 (webtiles) character file.

3465 Infinimo the Grappler (level 9, -2/82 HPs)
             Began as a Ghoul Monk on May 4, 2014.
             Was a High Priest of Makhleb.
             Killed by divine providence
             ... invoked by an orc priest
              (9 damage)
             ... on Level 8 of the Dungeon on May 6, 2014.
             The game lasted 00:13:41 (5508 turns).

Infinimo the Grappler (Ghoul Monk)                  Turns: 5508, Time: 00:13:41

HP  -2/82        AC 12     Str 15      XL: 9   Next: 90%
MP   7/7         EV  7     Int  8      God: Makhleb [*****.]
Gold 364         SH 10     Dex 10 (11) Spells:  0 memorised,  8 levels left

rFire  + . .     SeeInvis .       - Unarmed
rCold  + . .     Clarity  .     d - +1 pearl dragon armour (curse)
rNeg   + + +     Conserve .     n - +1 buckler {rF+}
rPois  +         rCorr    .     (no helmet)
rElec  .         rRot     +     q - +0 cloak
SustAb . .       Spirit   .     (no gloves)
rMut   +         Warding  .     (no boots)
Saprov + + +     Stasis   .     l - amulet of resist mutation
MR     .....                    (no ring)
                                (no ring)

@: very slightly contaminated, rotting, not resistant to hostile enchantments,
extremely unstealthy
A: rotting body, claws 1, carnivore 3, cold resistance 1, life protection 3,
poison resistance, saprovore 3, slow healing 1, torment resistance, unbreathing
a: Minor Destruction, Lesser Servant of Makhleb, Major Destruction, Greater
Servant of Makhleb, Renounce Religion


You were on level 8 of the Dungeon.
You worshipped Makhleb.
Makhleb was extremely pleased with you.
You were not hungry.

You visited 1 branch of the dungeon, and saw 8 of its levels.

You collected 364 gold pieces.

Inventory:

Armour
 d - a cursed +1 pearl dragon armour (worn)
 n - a +1 buckler of fire resistance (worn)
 q - a +0 cloak (worn)
Magical devices
 m - a wand of digging (11)
 p - a wand of digging (17)
 r - a wand of fire (6) {unknown}
Comestibles
 b - 8 meat rations
Scrolls
 f - 6 scrolls of identify
 g - a scroll of teleportation
 h - 3 scrolls of amnesia
 j - a scroll of enchant weapon II
 k - a scroll of recharging
 t - a scroll of fear
Jewellery
 a - a cursed ring of loudness {unknown}
 l - an amulet of resist mutation (around neck)
 o - an uncursed ring of flight
Potions
 c - a potion of lignification
 i - a potion of curing
 s - 4 potions of might


   Skills:
 - Level 8.6 Fighting
 - Level 2.6 Dodging
 - Level 2.1 Stealth
 + Level 3.0 Shields
 + Level 12.3 Unarmed Combat


You had 8 spell levels left.
You didn't know any spells.

Dungeon Overview and Level Annotations

Branches:
Dungeon (8/15)             Temple (0/1) D:4
   Lair: D:8-11

Altars:
Cheibriados
Makhleb
Nemelex Xobeh
Sif Muna


Innate Abilities, Weirdness & Mutations

Your body is rotting away.
You have sharp fingernails.
You are carnivorous and can eat meat at any time.
Your flesh is cold resistant.
You are immune to negative energy.
Your system is resistant to poisons.
You thrive on rotten meat.
You heal slowly when monsters are visible.
You are immune to unholy pain and torment.
You can survive without breathing.


Message History

Drink which item? (? for menu, Esc to quit)
You fade into invisibility!
You block the orc warrior's attack.
The orc priest calls down the wrath of Beogh upon you.
The orc warrior convulses in agony!
The orc priest invokes the aid of Beogh against you.
Something smites you!
* * * LOW HITPOINT WARNING * * *
You are very lightly contaminated with residual magic.
There is an open door here.
The orc warrior is no longer bleeding.
There is an open door here.
There is an open door here.
There is an open door here.
You flicker for a moment.
There is an open door here.
You flicker back into view.
The orc priest invokes the aid of Beogh against you.
Something smites you!
You die...

##... #..## #+#### ##+#########
##o### .....### #..........#
#..... .....'.# #......[...#
#..... .....#.###..........#
#..... ....>#.[##..........#
####.....
.....##..'.^........#####..'.....
.....#####......@.o.'..o..##.....
....<# #..........########.....
.....# #..........# #..... ######
#..........# #..... ############
######


You could see an orc warrior and an orc priest.

Vanquished Creatures
  Joseph (D:7)
  Grinder (D:4)
  Prince Ribbit (D:5)
  A hippogriff (D:7)
  Menkaure (D:5)
  A phantom (D:6)
  An ogre (D:5)
  2 orc warriors
  A necrophage (D:8)
  2 sky beasts (D:6)
  2 centaurs (D:6)
  Sigmund (D:3)
  The ghost of 4tharraofdagon the Ruinous, an average TeAE (D:6)
  A giant frog (D:6)
  3 killer bees (D:8)
  A goliath beetle (D:7)
  2 crimson imps
  2 hounds
  A black bear zombie (D:7)
  3 orc priests (D:6)
  An iguana (D:4)
  4 orc wizards
  4 worker ants
  A sky beast zombie (D:5)
  A hound skeleton (D:4)
  8 adders
  2 shadow imps
  A white imp (D:6)
  3 worms
  3 giant eyeballs (D:4)
  5 giant geckos
  An ooze (D:6)
  17 orcs
  11 bats
  A bat zombie (D:5)
  4 giant cockroaches
  10 goblins
  18 hobgoblins
  5 quokkas
  3 ball pythons (D:2)
  5 giant newts
  A hobgoblin skeleton (D:8)
  12 kobolds
  A kobold skeleton (D:4)
  A kobold zombie (D:6)
  4 orc zombies
  9 rats
  2 rat zombies
167 creatures vanquished.

Vanquished Creatures (collateral kills)
  A centaur (D:6)
1 creature vanquished.

Grand Total: 168 creatures vanquished

Notes
Turn   | Place    | Note
--------------------------------------------------------------
     0 | D:1      | Infinimo, the Ghoul Monk, began the quest for the Orb.
     0 | D:1      | Reached XP level 1. HP: 19/19 MP: 1/1
   176 | D:1      | Reached XP level 2. HP: 25/25 MP: 2/2
   197 | D:1      | Upgraded the game from 0.15-a0-411-g153a95e to 0.15-a0-462-gf669498
   444 | D:1      | Found a sparkling altar of Nemelex Xobeh.
   698 | D:2      | Reached skill level 5 in Unarmed Combat
   698 | D:2      | Reached XP level 3. HP: 19/33 MP: 3/3
   777 | D:2      | Reached XP level 4. HP: 36/39 MP: 3/3
   831 | D:2      | Found a burning altar of Makhleb.
  1316 | D:2      | Became a worshipper of Makhleb the Destroyer
  1316 | D:2      | Acquired Makhleb's first power
  1316 | D:2      | Acquired Makhleb's second power
  1563 | D:3      | Noticed Sigmund
  1581 | D:3      | Killed Sigmund
  1581 | D:3      | Reached skill level 6 in Unarmed Combat
  1581 | D:3      | Reached XP level 5. HP: 22/47 MP: 4/4
  1942 | D:3      | Paralysed by a potion of paralysis for 3 turns
  2306 | D:4      | Paralysed by a giant eyeball for 2 turns
  2309 | D:4      | Paralysed by a giant eyeball for 3 turns
  2316 | D:4      | Paralysed by a giant eyeball for 4 turns
  2437 | D:4      | Noticed Grinder
  2447 | D:4      | Paralysed by Grinder for 3 turns
  2460 | D:4      | Killed Grinder
  2460 | D:4      | Reached skill level 5 in Fighting
  2460 | D:4      | Reached skill level 7 in Unarmed Combat
  2460 | D:4      | Reached XP level 6. HP: 50/56 MP: 5/5
  2473 | D:4      | Paralysed by a giant eyeball for 3 turns
  2483 | D:4      | Found a staircase to the Ecumenical Temple.
  2495 | D:4      | Reached XP level 7. HP: 21/61 MP: 5/5
  2770 | D:4      | Reached skill level 8 in Unarmed Combat
  2807 | D:4      | Acquired Makhleb's third power
  3012 | D:5      | Entered Level 5 of the Dungeon
  3234 | D:5      | Noticed Prince Ribbit
  3243 | D:5      | Killed Prince Ribbit
  3390 | D:5      | Noticed Menkaure
  3393 | D:5      | Killed Menkaure
  3393 | D:5      | Reached skill level 9 in Unarmed Combat
  3393 | D:5      | Reached XP level 8. HP: 69/71 MP: 6/6
  3763 | D:6      | Reached skill level 10 in Unarmed Combat
  3906 | D:6      | Acquired Makhleb's fourth power
  3911 | D:6      | Noticed 4tharraofdagon's ghost (average TeAE)
  3924 | D:6      | Killed 4tharraofdagon's ghost
  4042 | D:6      | Reached XP level 9. HP: 23/77 MP: 7/7
  4288 | D:6      | Reached skill level 11 in Unarmed Combat
  4919 | D:7      | Noticed Joseph
  4938 | D:7      | Killed Joseph
  5076 | D:7      | Reached skill level 1 in Shields
  5138 | D:7      | Reached skill level 12 in Unarmed Combat
  5226 | D:7      | Found a snail-covered altar of Cheibriados.
  5226 | D:7      | Found a deep blue altar of Sif Muna.
  5451 | D:8      | Acquired Makhleb's fifth power
  5480 | D:8      | HP: 3/82 [orc priest/divine providence (11)]
  5508 | D:8      | Killed from afar by an orc priest

Action                   |  1- 3 |  4- 6 |  7- 9 || total
-------------------------+-------+-------+-------++-------
Melee: Unarmed           |    74 |   179 |   399 ||   652
Invok: Minor Destruction |       |     1 |       ||     1
Evoke: Wand              |       |       |     1 ||     1
  Use: Potion            |       |     4 |     8 ||    12
       Scroll            |       |     8 |     7 ||    15
